 Dungeon Sprint DCSS version 0.27-a0-1378-gdefffd1ff6 (webtiles) character file.

Game seed: 13334413270654615745

5782 mhtbhm the Eclecticist (level 10, -9/54 HPs)
             Began as a Deep Elf Earth Elementalist on June 29, 2021.
             Was the Champion of Vehumet.
             Mangled by an alligator snapping turtle (33 damage)
             ... in the Dungeon (Sprint VII: "The Pits").
             The game lasted 00:04:32 (1833 turns).

mhtbhm the Eclecticist (DEEE)                       Turns: 1833, Time: 00:04:32

Health: -9/54      AC:  3    Str:  5    XL:     10   Next: 50%
Magic:  22/36      EV: 16    Int: 24    God:    Vehumet [******]
Gold:   0          SH:  0    Dex: 21    Spells: 34/49 levels left

rFire    . . .     SeeInvis .   l - +2 halberd (protect)
rCold    . . .     Faith    .   (shield currently unavailable)
rNeg     . . .     Spirit   .   b - +0 robe
rPois    .         Reflect  .   (no helmet)
rElec    .         Harm     .   (no cloak)
rCorr    .         Rampage  .   (no gloves)
Will     +....     NoTele   +   q - +0 pair of boots
Stlth    ++++......             (no amulet)
HPRegen  0.18/turn              m - +3 ring of dexterity
MPRegen  0.25/turn              o - +3 ring of dexterity

@: hasted, very quick
A: no striking features
a: Renounce Religion


You were in the Dungeon.
You worshipped Vehumet.
Vehumet was exalted by your worship.
You visited 1 branch

Inventory:

Hand Weapons
 l - a +2 halberd of protection (weapon)
Missiles
 i - 25 stones
Armour
 b - a +0 robe (worn)
 q - a +0 pair of boots (worn)
Jewellery
 m - a +3 ring of dexterity (left hand)
 o - a +3 ring of dexterity (right hand)
Scrolls
 j - 5 scrolls of amnesia
 k - a scroll of summoning
Potions
 a - 2 potions of invisibility
 c - 6 potions of curing
 d - 10 potions of heal wounds
 e - 2 potions of haste
 f - 3 potions of magic
 g - 4 potions of berserk rage
 n - 2 potions of resistance
 p - a potion of mutation


   Skills:
 + Level 2.4 Fighting
 + Level 6.0 Dodging
 + Level 6.2 Stealth
 + Level 20.2 Spellcasting
 + Level 2.6 Conjurations
 + Level 2.4 Transmutations
 + Level 17.6 Earth Magic


You had 34 spell levels left.
You knew the following spells:

 Your Spells              Type           Power      Damage    Failure   Level
a - Sandblast             Erth           100%       2d20      0%          1
b - Passwall              Tmut/Erth      53%        N/A       1%          2
c - Stone Arrow           Conj/Erth      100%       3d13      1%          3
d - Lee's Rapid Deconstr  Erth           41%        3d21*     1%          5
e - Petrify               Tmut/Erth      64%        N/A       1%          4

Your spell library contained the following spells:

 Spells                   Type           Power      Damage    Failure   Level
 Spellforged Servitor     Conj/Summ      15%        N/A       89%         7


Dungeon Overview and Level Annotations

Branches:
Dungeon (1/1)

Altars:
Ashenzari
Cheibriados
Dithmenos
Elyvilon
Fedhas
Gozag
Hepliaklqana
Kikubaaqudgha
Makhleb
Nemelex Xobeh
Okawaru
Qazlal
Ru
Sif Muna
Trog
Uskayaw
Vehumet
Wu Jian
Xom
Yredelemnul
Zin
The Shining One
Beogh
Jiyva
Lugonu


Message History

The metal wall shatters!
The blast of metal fragments hits the alligator snapping turtle!
The alligator snapping turtle is severely wounded.
Unknown command.
Unknown command.
Unknown command.
Casting: Lee's Rapid Deconstruction (safe; 1% risk of failure)
Confirm with . or Enter, or press ? or * to list all spells.
Okay, then.
The alligator snapping turtle bites you from afar!!!
Ouch! That really hurt!
* * * LOW HITPOINT WARNING * * *
Casting: Lee's Rapid Deconstruction (safe; 1% risk of failure)
Confirm with . or Enter, or press ? or * to list all spells.
Aiming: Lee's Rapid Deconstruction (safe; 1% risk of failure)
Press: ? - help, Dir - move target A metal wall.
The metal wall shatters!
The blast of metal fragments hits the alligator snapping turtle but does no damage.
The alligator snapping turtle is severely wounded.
Unknown command.
Casting: Lee's Rapid Deconstruction (safe; 1% risk of failure)
Confirm with . or Enter, or press ? or * to list all spells.
Aiming: Lee's Rapid Deconstruction (safe; 1% risk of failure)
Press: ? - help, Dir - move target A metal wall.
The metal wall shatters!
The blast of metal fragments hits the alligator snapping turtle but does no damage.
The alligator snapping turtle is severely wounded.
Unknown command.
Casting: Lee's Rapid Deconstruction (safe; 1% risk of failure)
Confirm with . or Enter, or press ? or * to list all spells.
Aiming: Lee's Rapid Deconstruction (safe; 1% risk of failure)
Press: ? - help, Dir - move target A metal wall.
Okay, then.
You feel much better.
The alligator snapping turtle bites you from afar!!
Ouch! That really hurt!
You die...

.............#
...#..#......#
.............+
.............+
...#..#......#
.............#
'#####''######
....##''#####
###########
....##......#
#@.t...)).#
....##......#
##.......##
<...###....## ####...###
....# ##''## ###..+.))+
....###....###...÷##'##
....##......#....##.†.##
######......'....')....+
######......#....##.†.##
..[[###.÷..###....##'##


You could see an alligator snapping turtle.

Vanquished Creatures
  A hydra (D)
  A death yak (D)
  An orc knight (D)
  A deep elf pyromancer (D)
  A gargoyle (D)
  A kobold demonologist (D)
  An unseen horror (D)
  A hellwing (D)
  A jumping spider (D)
  A hornet (D)
  A snapping turtle (D)
  A tarantella (D)
  A ynoxinul (D)
  4 yaks (D)
  A small abomination (D)
  2 orc warriors (D)
  A necrophage (D)
  A black bear (D)
  A wolf (D)
  A bullfrog (D)
  A kobold brigand (D)
  Blork the orc (D)
  A scorpion (D)
  A jelly (D)
  A gnoll shaman (D)
  An iron imp (D)
  A hell rat (D)
  3 gnolls (D)
  An adder (D)
  A river rat (D)
  An ufetubus (D)
  An adder zombie (D)
  2 orcs (D)
  A giant cockroach (D)
  A goblin (D)
  2 hobgoblins (D)
  2 jackals (D)
  A quokka (D)
  A ball python skeleton (D)
  2 bats (D)
  A jackal zombie (D)
  4 kobolds (D)
55 creatures vanquished.

Notes
Turn   | Place    | Note
-------+----------+-------------------------------------------
     0 | D        | mhtbhm the Deep Elf Earth Elementalist began the quest for
                  | the Orb.
     0 | D        | Reached XP level 1. HP: 10/10 MP: 6/6
     9 | D        | Noticed a scorpion
    13 | D        | Killed a scorpion
    14 | D        | Reached skill level 5 in Spellcasting
    14 | D        | Reached XP level 2. HP: 15/15 MP: 2/10
    14 | D        | Reached XP level 3. HP: 19/19 MP: 2/12
    95 | D        | Found a bloodstained altar of Trog.
    95 | D        | Found a shimmering blue altar of Sif Muna.
    95 | D        | Found a viscous altar of Jiyva.
    95 | D        | Found a hazy altar of Hepliaklqana.
    95 | D        | Found an opulent altar of Gozag.
    96 | D        | Found a glowing golden altar of the Shining One.
    96 | D        | Found a glowing silver altar of Zin.
    96 | D        | Found a basalt altar of Yredelemnul.
    96 | D        | Found a shimmering altar of Xom.
    96 | D        | Found an ornate altar of the Wu Jian Council.
    96 | D        | Found a sacrificial altar of Ru.
    96 | D        | Found a stormy altar of Qazlal.
    96 | D        | Found an iron altar of Okawaru.
    96 | D        | Found a sparkling altar of Nemelex Xobeh.
    96 | D        | Found a burning altar of Makhleb.
    96 | D        | Found a blossoming altar of Fedhas.
    96 | D        | Found a white marble altar of Elyvilon.
    96 | D        | Found a shadowy altar of Dithmenos.
    96 | D        | Found a snail-covered altar of Cheibriados.
    98 | D        | Found a radiant altar of Vehumet.
    98 | D        | Found a corrupted altar of Lugonu.
    99 | D        | Found a hide-covered altar of Uskayaw.
    99 | D        | Found an ancient bone altar of Kikubaaqudgha.
    99 | D        | Found a broken altar of Ashenzari.
   106 | D        | Became a worshipper of Vehumet
   177 | D        | Reached * piety under Vehumet
   177 | D        | Offered knowledge of Magic Dart by Vehumet.
   178 | D        | Reached XP level 4. HP: 23/24 MP: 10/13
   219 | D        | Learned a level 2 spell: Passwall
   223 | D        | Learned a level 3 spell: Stone Arrow
   226 | D        | Reached ** piety under Vehumet
   228 | D        | Reached skill level 6 in Spellcasting
   328 | D        | Offered knowledge of Searing Ray by Vehumet.
   346 | D        | Noticed a bullfrog
   352 | D        | Killed a bullfrog
   352 | D        | Reached *** piety under Vehumet
   353 | D        | Reached skill level 7 in Spellcasting
   353 | D        | Reached XP level 5. HP: 28/28 MP: 14/17
   357 | D        | Reached skill level 8 in Spellcasting
   371 | D        | Reached **** piety under Vehumet
   372 | D        | Reached skill level 5 in Dodging
   372 | D        | Reached skill level 5 in Stealth
   524 | D        | Learned a level 5 spell: Lee's Rapid Deconstruction
   529 | D        | Learned a level 4 spell: Petrify
   533 | D        | Noticed a black bear
   534 | D        | Killed a black bear
   534 | D        | Offered knowledge of Ignite Poison by Vehumet.
   535 | D        | Reached skill level 1 in Fighting
   535 | D        | Reached skill level 10 in Spellcasting
   535 | D        | Reached skill level 10 in Earth Magic
   535 | D        | Reached XP level 6. HP: 34/34 MP: 16/21
   579 | D        | Reached ***** piety under Vehumet
   580 | D        | Reached skill level 11 in Spellcasting
   580 | D        | Reached skill level 1 in Conjurations
   599 | D        | Noticed a kobold demonologist
   600 | D        | Noticed a soul eater
   601 | D        | Noticed a red devil
   601 | D        | Killed a kobold demonologist
   602 | D        | Reached skill level 13 in Spellcasting
   602 | D        | Reached XP level 7. HP: 38/38 MP: 15/25
   803 | D        | Noticed a death yak
   803 | D        | Noticed a jumping spider
   806 | D        | Killed a jumping spider
   806 | D        | Offered knowledge of Conjure Flame by Vehumet.
   806 | D        | Reached ****** piety under Vehumet
   807 | D        | Reached skill level 14 in Spellcasting
   810 | D        | Reached XP level 8. HP: 16/43 MP: 6/28
   810 | D        | Killed a death yak
   811 | D        | Reached skill level 15 in Spellcasting
  1206 | D        | Noticed a hornet
  1206 | D        | Noticed a gargoyle
  1208 | D        | Killed a gargoyle
  1208 | D        | Offered knowledge of Yara's Violent Unravelling by Vehumet.
  1209 | D        | Reached skill level 16 in Spellcasting
  1210 | D        | Reached XP level 9. HP: 48/48 MP: 24/31
  1211 | D        | Reached skill level 17 in Spellcasting
  1211 | D        | Reached skill level 15 in Earth Magic
  1286 | D        | Killed an unseen horror
  1287 | D        | Reached skill level 18 in Spellcasting
  1440 | D        | Noticed a deep elf pyromancer
  1440 | D        | Noticed a seven-headed hydra
  1442 | D        | Killed a deep elf pyromancer
  1442 | D        | Offered knowledge of Iron Shot by Vehumet.
  1446 | D        | Killed a seven-headed hydra
  1447 | D        | Reached skill level 19 in Spellcasting
  1447 | D        | Reached XP level 10. HP: 54/54 MP: 18/35
  1623 | D        | Noticed an orc knight
  1624 | D        | Killed an orc knight
  1627 | D        | Offered knowledge of Spellforged Servitor by Vehumet.
  1807 | D        | Noticed an alligator snapping turtle
  1807 | D        | Noticed Blork the orc
  1817 | D        | Reached skill level 20 in Spellcasting
  1817 | D        | Killed Blork the orc
  1828 | D        | HP: 2/54 [alligator snapping turtle (37)]
  1833 | D        | Mangled by an alligator snapping turtle

Illustrated notes

Levels and vault maps discovered:
D:        pitsprint [storerooms_1, entrance_room_1, metal_vault_2, armoury_1,
          mini_pit_1, grid_room_1, main_hall_1, silver_pit, the_coven_1,
          the_vestibule_1, steel_vault_2, golden_pit, hallway_of_sentries,
          crystal_vault_1, iron_vault_4, final_vault]

Skill      XL: |  1  2  3  4  5  6  7  8  9 10 |
---------------+-------------------------------+-----
Dodging        | 3 4 5 6 |  6.0
Stealth        | 3 4 5 6 |  6.2
Spellcasting   | 5 7 10 13 14 16 19 20 | 20.2
Earth Magic    | 6 8 10 12 14 16 17 | 17.6
Fighting       | 1 2 |  2.4
Conjurations   | 1 2 |  2.6
Transmutations | 2 |  2.4

Action                   |  1- 3 |  4- 6 |  7- 9 | 10-12 || total
-------------------------+-------+-------+-------+-------++-------
 Cast: Sandblast         |     9 |    12 |       |       ||    21
       Stone Arrow       |       |     4 |       |       ||     4
       Lee's Rapid Decon |       |     4 |    20 |    13 ||    37
       Petrify           |       |       |     1 |     3 ||     4
  Use: Potion            |       |       |       |     5 ||     5
       Scroll            |       |       |       |     1 ||     1
Armor: Robe              |     1 |       |     1 |       ||     2
Dodge: Dodged            |     4 |     3 |     3 |     3 ||    13

Table legend: (Time is in decaauts)
 A = Elapsed time spent in this place.
 B = Non-inter-level travel time spent in this place.
 C = Inter-level travel time spent in this place.
 D = Time resting spent in this place.
 E = Time spent auto-exploring this place.
 F = Levels seen in this place.
 G = Mean time per level.
                   A        B        C        D        E       F      G
               +--------+--------+--------+--------+--------+-----+--------+
         Total |   1826 |   1826 |      0 |   1359 |     91 |   1 | 1826.0 |
       Dungeon |   1826 |   1826 |      0 |   1359 |     91 |   1 | 1826.0 |
               +--------+--------+--------+--------+--------+-----+--------+

Top non-repeatable levels by time:
       D: 1826 daAuts
